 Dungeon Crawl Stone Soup version 0.23-a0-767-gdc19b93 (webtiles) character file.

18 nono the Skirmisher (level 2, -5/26 HPs)
             Began as a Ghoul Fighter on Jan 19, 2019.
             Slain by Crazy Yiuf
             ... wielding a +4 quarterstaff of chaos
              (15 damage)
             ... on level 2 of the Dungeon.
             The game lasted 00:01:58 (1256 turns).

nono the Skirmisher (Ghoul Fighter)                 Turns: 1256, Time: 00:01:58

Health: -5/26      AC:  9    Str: 19    XL:     2   Next: 70%
Magic:  1/1        EV:  5    Int:  3    God:
Gold:   134        SH:  8    Dex:  8    Spells: 1/1 levels left

rFire    . . .     SeeInvis .     - Unarmed
rCold    + . .     Gourm    .   b - +0 shield
rNeg     + + +     Faith    .   m - +0 chain mail (curse)
rPois    ∞         Spirit   .   (no helmet)
rElec    .         Reflect  .   (no cloak)
rCorr    .         Harm     .   (no gloves)
MR       .....                  (no boots)
Stlth    ..........             (no amulet)
HPRegen  0.00/turn              (no ring)
MPRegen  0.07/turn              (no ring)

@: rotting
A: rotting body, claws 1, carnivore, cold resistance 1, negative energy
resistance 3, inhibited regeneration, torment resistance, unbreathing
a: no special abilities


You were on level 2 of the Dungeon.
You were not hungry.

You visited 1 branch of the dungeon, and saw 2 of its levels.

You collected 134 gold pieces.

Inventory:

Armour
 a - a +0 scale mail
 b - a +0 shield (worn)
 m - a cursed +0 chain mail (worn)
Scrolls
 h - a scroll of random uselessness {unknown}
 i - a scroll of immolation {unknown}
 j - a scroll of magic mapping {unknown}
 k - a scroll of blinking {unknown}
 n - a scroll of fear {unknown}
Potions
 c - 2 potions of might
 e - a potion of curing {unknown}
 f - 2 potions of mutation
 l - a potion of agility {unknown}
Comestibles
 d - 4 rations
 g - 3 chunks of flesh


   Skills:
 + Level 3.5 Fighting
 + Level 2.9 Armour
 + Level 2.9 Shields
 + Level 2.6 Unarmed Combat


You had one spell level left.
You didn't know any spells.
Your spell library contained the following spells:

 Spells                   Type           Power        Failure   Level  Hunger
 Magic Dart               Conj           #...         100%        1    ##.....
 Searing Ray              Conj           #.....       100%        2    ###....
 Dazzling Spray           Conj/Hex       #.....       100%        3    ####...
 Force Lance              Conj/Tloc      #.......     100%        4    #####..
 Fulminant Prism          Conj/Hex       #.........   100%        4    #####..
 Iskenderun's Mystic Bla  Conj           #.......     100%        4    #####..


Dungeon Overview and Level Annotations

Branches:
Dungeon (2/15)

Altars:
Cheibriados
Gozag

Annotations:
D:2 Crazy Yiuf


Innate Abilities, Weirdness & Mutations

Your body is rotting away.
You thrive on raw meat.
You are immune to poison.
You have sharp fingernails.
You are carnivorous and can eat meat at any time.
Your flesh is cold resistant. (rC+)
You are immune to negative energy. (rN+++)
You do not regenerate when monsters are visible.
You are immune to unholy pain and torment.
You can survive without breathing.


Message History

You see here a glowing mace.
Found two maces and a glowing mace.
Found a runed door.
You see here a short sword.
No target in view!
No target in view!
You see here a mace.
You see here a glowing mace.
You see here a mace.
You open the door.
Crazy Yiuf the Enlightened comes into view.
He is wielding a +4 quarterstaff of chaos.
Found a runed mace and seven maces.
You scratch Crazy Yiuf.
Crazy Yiuf is moderately wounded.
Crazy Yiuf hits you with a +4 quarterstaff of chaos.
You scratch Crazy Yiuf.
Crazy Yiuf is heavily wounded.
Crazy Yiuf hits you with a +4 quarterstaff of chaos!
You convulse!
Ouch! That really hurt!
You die...

#........# ##.#≈
#........# #.##
#........# #..#
########.# ##.#
#.######.#
###♣♣♣♣♣
#........♣
##...)♣)♣♣♣ ###
#.#######.
##.....)♣))♣#)))#
#.# #..♣
#......♣♣♣♣@g)).#
#######...
#.....♣♣ ♣♣#)))#
#.....#..♣ #.###♣♣
### #.....#... #.#
#.....#... #)#
#...÷.#... #.#
###########...#...
#†# #.......#
#....... #.#
####.#### #......#
#.# #.# #......#


You could see Crazy Yiuf.

Vanquished Creatures
  A worm (D:2)
  2 giant cockroaches
  2 hobgoblins (D:2)
  3 kobolds (D:1)
  A ball python (D:2)
  5 bats
  2 frilled lizards (D:1)
16 creatures vanquished.

Notes
Turn   | Place    | Note
-------+----------+-------------------------------------------
     0 | D:1      | nono the Ghoul Fighter began the quest for the Orb.
     0 | D:1      | Reached XP level 1. HP: 19/19 MP: 0/0
   477 | D:1      | Reached XP level 2. HP: 24/26 MP: 1/1
   754 | D:2      | Found a snail-covered altar of Cheibriados.
  1107 | D:2      | Found an opulent altar of Gozag.
  1248 | D:2      | Found a runed door.
  1252 | D:2      | Noticed Crazy Yiuf
  1256 | D:2      | Slain by Crazy Yiuf

Vault maps used:
D:1:      eino_arrival_druids_welcome, chequers_garden, kennysheep_small_spiral
D:2:      lemuel_crystal_altar, nicolae_gozag_cash_rules_everything_around_me,
          serial_forest, infiniplex_forest_lined_corner,
          infiniplex_forest_clump_tiny, infiniplex_forest_clump_double,
          infiniplex_forest_lined_3, first_ration,
          chequers_serial_rivers_micro_a, uniq_crazy_yiuf_cottage

Action                   || total
-------------------------++-------
Melee: Unarmed           ||    62
  Use: Scroll            ||     2
  Eat: Chunk             ||     4
Armor: Scale mail        ||    36
       Chain mail        ||     9
Dodge: Dodged            ||    17
Block: Shield            ||    33

Table legend:
 A = Non-vault XP
 B = Vault XP
 C = Vault XP percentage of total XP
 D = Non-vault monster count
 E = Vault monster count
 F = Vault count percentage of total count
                 A         B        C        D         E       F
            +---------+---------+-------+---------+---------+-------
      Total |      27 |       0 |   0.0 |      16 |       0 |   0.0
            +---------+---------+-------+---------+---------+-------
        D:1 |      12 |       0 |   0.0 |       8 |       0 |   0.0
        D:2 |      15 |       0 |   0.0 |       8 |       0 |   0.0
            +---------+---------+-------+---------+---------+-------
